 Dungeon Crawl Stone Soup version 0.31.0-32-g396128a36d (webtiles) character file.

Game seed: 1478207270688694927

40 aracne12 the Conjurer (level 3, 0/21 HPs)
             Began as an Octopode Conjurer on Apr 23, 2024.
             Slain by an ufetubus (1 damage)
             ... on level 3 of the Dungeon.
             The game lasted 00:02:57 (2205 turns).

aracne12 the Conjurer (Octopode Conjurer)           Turns: 2205, Time: 00:02:58

Health: 0/21       AC:  1    Str:  6    XL:     3   Next: 50%
Magic:  0/7        EV: 13    Int: 22    God:
Gold:   123        SH:  0    Dex: 10    Spells: 4/7 levels left

rFire   . . .        i - +0 dagger
rCold   . . .        (no shield)
rNeg    . . .        (helmet restricted)
rPois   .            (no amulet)
rElec   .            (no ring)
rCorr   .            (no ring)
SInv    .            (no ring)
Will    .....        (no ring)
Stlth   +++          (no ring)
HPRegen 0.23/turn    (no ring)
MPRegen 0.10/turn    (no ring)
                     (no ring)

%: no passive effects
@: no status effects
A: almost no armour, amphibious, 8 rings, camouflage 1, gelatinous body 1,
(nimble swimmer 1), tentacles
a: no special abilities


You were on level 3 of the Dungeon.
You visited 1 branch of the dungeon, and saw 3 of its levels.

You collected 123 gold pieces.

Inventory:

Hand Weapons
 i - a +0 dagger (weapon)
Missiles
 f - a throwing net
Scrolls
 b - 2 scrolls of teleportation
 h - 2 scrolls of noise {unknown}
 j - 2 scrolls of identify {unknown}
 k - a scroll of revelation {unknown}
Potions
 a - 2 potions of magic
 c - a potion of curing {unknown}
 d - a potion of mutation {unknown}
 e - a potion of attraction {unknown}
 g - a potion of cancellation {unknown}


   Skills:
 - Level 2.1 Dodging
 - Level 3.0 Stealth
 * Level 2.7 Spellcasting
 * Level 4.5 Conjurations


You had 4 spell levels left.
You knew the following spells:

 Your Spells              Type           Power      Damage    Failure   Level
a - Magic Dart            Conj           88%        1d7       1%          1
b - Searing Ray           Conj           44%        2d6       3%          2

Your spell library contained the following spells:

 Spells                   Type           Power      Damage    Failure   Level
 Dazzling Flash           Conj/Hex       24%        N/A       16%         3
 Sublimation of Blood     Necr           2%         N/A       19%         2
 Mephitic Cloud           Conj/Alch/Air  9%         N/A       21%         3
 Fulminant Prism          Conj/Alch      6%         3d7       45%         4
 Iskenderun's Mystic Bla  Conj/Tloc      12%        2d5       45%         4
 Petrify                  Alch/Erth      2%         N/A       77%         4
 Irradiate                Conj/Alch      6%         3d13      80%         5
 Curse of Agony           Necr           2%         N/A       98%         5
 Silence                  Hex/Air        1%         N/A       98%         5


Dungeon Overview and Level Annotations

Branches:
Dungeon (3/15)

Altars:
Xom


Innate Abilities, Weirdness & Mutations

You cannot wear most types of armour.
You are amphibious.
You can wear up to eight rings at the same time.
Your skin changes colour to match your surroundings (Stealth+).
Your rubbery body absorbs attacks. (AC +1, EV +1)
((You are camouflaged when in or above water. (Stealth+)))
You have tentacles for arms and can constrict up to eight enemies at once.


Message History

You kill the ufetubus!
The ufetubus hits you. The ufetubus barely misses you.
The ufetubus hits you but does no damage.
The ufetubus closely misses you.
Aiming: Searing Ray (safe; 3% risk of failure)
Press: ? - help, Q - select action, (/) - cycle Shift-Dir - straight line, f - ufetubus
Aim: an ufetubus (63% to hit)
The searing ray hits the ufetubus.
The ufetubus is lightly wounded. (Press . to maintain the ray.)
The ufetubus slips past you! The ufetubus closely misses you.
The ufetubus misses you.
You don't have enough magic to cast this spell.
Aiming: Magic Dart (safe; 1% risk of failure)
Press: ? - help, Q - select action, (/) - cycle Shift-Dir - straight line, f/p - ufetubus
Aim: an ufetubus (lightly wounded, 100% to hit)
The magic dart hits the ufetubus.
The ufetubus is severely wounded.
The ufetubus barely misses you. x2; The ufetubus misses you.
The ufetubus closely misses you.
Aiming: Magic Dart (safe; 1% risk of failure)
Press: ? - help, Q - select action, (/) - cycle Shift-Dir - straight line, f/p - ufetubus
Aim: an ufetubus (severely wounded, 100% to hit)
The magic dart hits the ufetubus.
The ufetubus is severely wounded.
The ufetubus hits you.
* * * LOW HITPOINT WARNING * * *
The ufetubus barely misses you.
You don't have enough magic to cast this spell.
You are too injured to fight recklessly!
You are too injured to fight recklessly!
You are too injured to fight recklessly!
You are too injured to fight recklessly!
The ufetubus misses you. The ufetubus hits you.
* * * LOW HITPOINT WARNING * * *
The ufetubus attacks as it pursues you! The ufetubus hits you.
* * * LOW HITPOINT WARNING * * *
The ufetubus hits you but does no damage.
The ufetubus closely misses you. The ufetubus hits you.
You die...

#####
#.<.#
#...†..#.#
.$#..###.#
#.. #.#
... #5# ##
#@# #....#
#.#### #.
.. .. #


You could see an ufetubus.

Vanquished Creatures
  An ufetubus (D:3)
  A dart slug (D:1)
  2 endoplasms (D:1)
  A giant cockroach (D:1)
  3 goblins (D:2)
  3 hobgoblins
  6 jackals
  3 kobolds (D:1)
  3 ball pythons
  3 bats
  2 frilled lizards
  2 rats
30 creatures vanquished.

Notes
Turn   | Place    | Note
-------+----------+-------------------------------------------
     0 | D:1      | aracne12 the Octopode Conjurer began the quest for the Orb.
     0 | D:1      | Reached XP level 1. HP: 11/11 MP: 3/3
   164 | D:1      | Reached XP level 2. HP: 9/17 MP: 1/5
   210 | D:1      | Learned a level 2 spell: Searing Ray
  1465 | D:2      | Found a faded altar of an unknown god.
  1515 | D:2      | Reached XP level 3. HP: 21/21 MP: 1/6
  1730 | D:2      | Found a shimmering altar of Xom.
  2205 | D:3      | HP: 1/21 [ufetubus (1)]
  2205 | D:3      | Slain by an ufetubus

Illustrated notes

Levels and vault maps discovered:
D:1:      lightli_arrival_maybe_door_vault, layout_basic
D:2:      layout_loops_cross, ebering_ecumenical_altar_mist, basic_altar
D:3:      layout_rooms, gammafunk_ghost_grave, serial_shops, shop

Skill      XL: |  1 |
---------------+----+-----
Stealth        | 3 |  3.0
Dodging        | |  2.1
Spellcasting   | |  2.7
Conjurations   | |  4.5

Action                     || total
---------------------------++-------
  Melee: Unarmed           ||    12
         Constrict         ||     4
         Punch             ||     1
         Tentacles         ||     1
         Dagger            ||     5
   Cast: Magic Dart        ||    56
         Searing Ray       ||     1
    Use: Scroll            ||     1
 Armour: Skin              ||    14
  Dodge: Dodged            ||    49
